 Dungeon Crawl Stone Soup version 0.17.0-19-gb37c632 (console) character file.

30 2d6 the Grave Robber (level 3, 0/24 HPs)
             Began as a Vampire Necromancer on Nov 12, 2015.
             Slain by an adder (1 damage)
             ... on level 1 of the Dungeon.
             The game lasted 00:08:54 (1076 turns).

2d6 the Grave Robber (Vampire Necromancer)          Turns: 1076, Time: 00:08:54

Health: 0/24       AC:  3    Str: 10    XL:     3   Next: 3%
Magic:  0/6        EV: 13    Int: 18    God:
Gold:   57         SH:  0    Dex: 14    Spells: 1 memorised, 5 levels left

rFire  + . .     SeeInvis +     e - +0 hand axe
rCold  x . .     Clarity  +     a - +0 robe
rNeg   + . .     SustAt   .     (no shield)
rPois  .         Gourm    .     (no helmet)
rElec  .         Spirit   .     r - +0 cloak
rCorr  .         Warding  .     (no gloves)
rMut   .         Stasis   .     (no boots)
MR     .....                    k - amulet of clarity
Stlth  +++.......               w - +3 ring of strength
                                g - ring of fire

@: lethally poisoned (0 -> -8), not resistant to hostile enchantments, fairly
stealthy
A: fangs 3, see invisible, unbreathing
a: Bat Form


You were on level 1 of the Dungeon.
You were not thirsty.

You visited 1 branch of the dungeon, and saw 2 of its levels.

You collected 57 gold pieces.

Inventory:

Hand Weapons
 e - a +0 hand axe (weapon)
Missiles
 d - 11 sling bullets
 f - 27 arrows
 s - 14 bolts of penetration
 v - 2 stones (quivered)
Armour
 a - a +0 robe (worn)
 l - a +0 chain mail
 q - a +0 leather armour
 r - a +0 cloak (worn)
Jewellery
 g - a ring of fire (left hand)
 k - an amulet of clarity (around neck)
 w - a +3 ring of strength (right hand)
Scrolls
 h - a scroll of remove curse
 i - a scroll of identify {unknown}
 m - a scroll of recharging {unknown}
 o - a scroll of amnesia {unknown}
Potions
 c - 5 potions of blood
 j - 3 potions of curing {unknown}
 n - a potion of resistance
 p - a potion of ambrosia {unknown}
 t - a potion of agility {unknown}
 u - a potion of beneficial mutation {unknown}
 x - a potion of might {unknown}
Books
 b - a book of Necromancy

   Spells                             Type                      Level
   a - Pain                           Necromancy                   1
   b - Animate Skeleton               Necromancy                   1
   c - Vampiric Draining              Necromancy                   3
   d - Regeneration                   Charms/Necromancy            3
   e - Animate Dead                   Necromancy                   4
   f - Control Undead                 Necromancy                   4


   Skills:
 + Level 2.8 Dodging
 + Level 4.0 Stealth
 + Level 2.2 Spellcasting
 + Level 4.6 Necromancy


You had 5 spell levels left.
You knew the following spells:

 Your Spells              Type           Power        Failure   Level  Hunger
a - Pain                  Necr           ###.         2%          1    #......


Dungeon Overview and Level Annotations

Branches:
Dungeon (2/15)

Altars:

Annotations:
D:2 Robin


Innate Abilities, Weirdness & Mutations

You have razor-sharp teeth.
You have supernaturally acute eyesight.
You can survive without breathing.


Message History

Aiming: Pain
Press: ? - help, Shift-Dir - straight line, f/p - adder
Aim: an adder (moderately wounded, chance to defeat MR: 84%)
The adder convulses in agony!
You feel sick. The adder completely misses you. The adder bites you.
* * * LOW HITPOINT WARNING * * *
Casting: Pain
Confirm with . or Enter, or press ? or * to list all spells.
Aiming: Pain
Press: ? - help, Shift-Dir - straight line, f/p - adder
Aim: an adder (moderately wounded, chance to defeat MR: 84%)
The adder barely resists.
The adder bites you.
* * * LOW HITPOINT WARNING * * *
You are more poisoned.
The adder poisons you!
* * * LOW HITPOINT WARNING * * *
You feel sick.
Drink which item? (? for menu, Esc to quit)
Yummy - fresh blood!
The adder bites you.
You die...

######.#####.# #.#
.........#...# #.#
#####.##.#.### #.#
#.##...# #.#
#.###.## ##.##
#.##...####...##
#####..............#
.............##....#
.######....%####@#.#
.# ##...## ##S#.# .#
##.## #.>#.# .# ###
#.##.# .# #.##.# .#
#.##.## .# #.##..#
.# #.###.# .# #.#
#.#


You could see an adder.

Vanquished Creatures
  An adder (D:2)
  2 giant cockroaches (D:1)
  3 goblins
  3 hobgoblins (D:2)
  6 kobolds
  A quokka (D:2)
  2 bats
  2 rats (D:1)
20 creatures vanquished.

Notes
Turn   | Place    | Note
--------------------------------------------------------------
     0 | D:1      | 2d6 the Vampire Necromancer began the quest for the Orb.
     0 | D:1      | Reached XP level 1. HP: 13/13 MP: 3/3
   359 | D:1      | Reached XP level 2. HP: 17/19 MP: 1/5
   908 | D:2      | Noticed Robin
   911 | D:2      | Reached XP level 3. HP: 8/24 MP: 4/6
  1075 | D:1      | HP: 1/24 [poisoned by an adder]
  1076 | D:1      | Slain by an adder

Action                   || total
-------------------------++-------
Melee: Hand axe          ||    11
 Cast: Pain              ||    33
  Use: Scroll            ||     1
       Potion            ||     2
 Stab: Sleeping          ||     1
  Eat: Corpse            ||     1
